 Dungeon Crawl Stone Soup version 0.25.0-26-g0c896c7088 (webtiles) character file.

Game seed: 4865470389530411187

11445 protoss039 the Cleaver (level 11, 0/150 HPs)
             Began as a Minotaur Fighter on July 5, 2020.
             Was a High Priest of Okawaru.
             Slain by an entropy weaver (5 damage)
             ... on level 10 of the Dungeon.
             The game lasted 00:27:46 (11756 turns).

protoss039 the Cleaver (Minotaur Fighter)          Turns: 11756, Time: 00:27:47

Health: 0/150      AC: 13    Str: 24    XL:     11   Next: 49%
Magic:  7/14       EV:  2    Int: 11    God:    Okawaru [*****.]
Gold:   358        SH: 14    Dex: 10    Spells: 10/10 levels left

rFire    + + .     SeeInvis .   E - +1 hand axe of a treasure trove {venom, Int+6}
rCold    x . .     Gourm    .   c - +0 kite shield
rNeg     + + +     Faith    +   (armour currently unavailable)
rPois    +         Spirit   .   (helmet currently unavailable)
rElec    .         Reflect  .   (cloak currently unavailable)
rCorr    .         Harm     .   (gloves currently unavailable)
MR       .....     NoTele   +   (boots currently unavailable)
Stlth    +++.......             g - amulet of faith
HPRegen  0.35/turn              n - ring of protection from fire
MPRegen  0.14/turn              B - ring of fire

@: tree-form, heroism, finesse, corroded
A: (retaliatory headbutt)
a: Heroism, Finesse, Renounce Religion


You were on level 10 of the Dungeon.
You worshipped Okawaru.
Okawaru was extremely pleased with you.
You were very hungry.
You were a tree.
You visited 2 branches of the dungeon, and saw 11 of its levels.

You collected 538 gold pieces.
You spent 180 gold pieces at shops.

Inventory:

Hand Weapons
 E - the +1 hand axe of a treasure trove (weapon) {venom, Int+6}
   (You found it on level 9 of the Dungeon)

   It poisons the flesh of those it strikes.
   It affects your intelligence (+6).
 F - the +8 hunting sling "Earthworm" {speed, rN++ Int+3 Dex-4 Stlth-}
   (You found it on level 9 of the Dungeon)

   Attacks with this weapon are significantly faster.
   It affects your intelligence (+3).
   It affects your dexterity (-4).
   It greatly protects you from negative energy.
   It makes you less stealthy.
Missiles
 z - 4 javelins (quivered)
Armour
 c - a +0 kite shield (worn)
 h - a +0 pair of gloves (melded)
 k - a +2 pair of boots (melded)
 o - the +1 ring mail of Hedonism {rPois Str+3}
   (You found it on level 8 of the Dungeon)

   It affects your strength (+3).
   It protects you from poison.
 y - a +2 cloak (melded)
 C - the +2 leather armour of Curiosity (melded) {rElec rC+ Str+2 Dex+4}
   (You found it on level 8 of the Dungeon)

   It affects your strength (+2).
   It affects your dexterity (+4).
   It protects you from cold.
   It insulates you from electricity.
Jewellery
 a - a cursed amulet of inaccuracy {unknown}
 g - an amulet of faith (around neck)
 n - a ring of protection from fire (left branch)
 w - the amulet "Voocoikk" {Spirit rN+ MR- Str+3 Slay+5}
   (You found it on level 4 of the Dungeon)

   [amulet of guardian spirit]

   It causes incoming damage to be split between your health and magic.
   It affects your strength (+3).
   It affects your accuracy and damage with ranged weapons and melee attacks
   (+5).
   It protects you from negative energy.
   It affects your resistance to hostile enchantments.
 x - an uncursed amulet of the acrobat {unknown}
 B - a ring of fire (right branch)
 G - an uncursed ring of stealth
 I - a +6 ring of dexterity {unknown}
Wands
 b - a wand of clouds (7)
 d - a wand of enslavement (6)
 i - a wand of iceblast (10)
 j - a wand of flame (14)
Scrolls
 l - 2 scrolls of enchant weapon
 m - 3 scrolls of magic mapping
 p - 5 scrolls of remove curse
 q - 3 scrolls of teleportation
 u - 3 scrolls of fog
 D - a scroll of fear {unknown}
Potions
 e - 6 potions of brilliance
 r - 2 potions of stabbing
 s - 2 potions of curing
 t - 3 potions of heal wounds
 v - a potion of haste {unknown}
 A - a potion of lignification
 H - a potion of resistance {unknown}
Comestibles
 f - 17 rations


   Skills:
 + Level 10.2(15.2) Fighting
 + Level 14.2(19.2) Axes
 - Level 7.7(12.7) Armour
 + Level 9.6(14.6) Shields
 * Level 5.8 Invocations


You had 10 spell levels left.
You didn't know any spells.
Your spell library was empty.

Dungeon Overview and Level Annotations

Branches:
Dungeon (10/15)            Temple (1/1) D:5            Lair (0/6) D:9
    Orc (0/2) D:10

Altars:
Ashenzari
Cheibriados
Dithmenos
Elyvilon
Fedhas
Gozag
Hepliaklqana
Kikubaaqudgha
Makhleb
Nemelex Xobeh
Okawaru
Qazlal
Ru
Sif Muna
Trog
Uskayaw
Vehumet
Wu Jian
Xom
Yredelemnul
Zin
The Shining One

Shops:
D:4 !   D:7 [

Annotations:
D:8 1 exclusion


Innate Abilities, Weirdness & Mutations

((You reflexively headbutt those who attack you in melee.))
((You have a pair of horns on your head.))


Message History

Unknown command.
You can now deal lightning-fast blows.
You block the entropy weaver's attack. The entropy weaver hits you.
* * * LOW HITPOINT WARNING * * *
The entropy weaver hits you but does no damage. x2
Unknown command.
Unknown command.
Unknown command.
You hit the entropy weaver but do no damage.
The entropy weaver looks as sick as possible!
The entropy weaver is heavily wounded.
Unknown command.
Unknown command.
You hit the entropy weaver but do no damage.
The entropy weaver looks as sick as possible!
The entropy weaver is heavily wounded.
You block the entropy weaver's attack. The entropy weaver hits you.
* * * LOW HITPOINT WARNING * * *
The entropy weaver hits you.
You die...

###...............
###.###.........
#[# #.##.##### #.#
#.##.# #.# #.##.#
#.# #.##.# #.#
#.##.#
#############.#
#.♣....†..'.#.#####
#a#########........
#. ####..... #t
#####. #÷ #÷ #. #.
#. #. #. #. #.


You could see an entropy weaver (extremely poisoned) and a fire crab.

Vanquished Creatures
  A two-headed ogre (D:9)
  3 death yaks (D:9)
  2 fire crabs (D:10)
  Maurice (D:10)
  A manticore (D:10)
  A troll (D:9)
  7 yaks
  2 hungry ghosts
  A steam dragon (D:10)
  3 water moccasins
  3 orc warriors
  A hornet zombie (D:7)
  3 phantoms
  A black bear (D:8)
  4 ice beasts
  An eye of draining (D:7)
  11 ogres
  A centaur (D:8)
  A big kobold (D:4)
  Blork the orc (D:6)
  4 bullfrogs
  2 scorpions
  8 killer bees
  A troll zombie (D:10)
  3 howler monkeys
  A bullfrog zombie (D:5)
  6 crimson imps
  2 quasits
  2 centaur skeletons (D:8)
  4 hounds
  3 jellies
  12 orc wizards
  5 orc priests
  2 bullfrog skeletons
  2 iguanas
  8 worker ants
  7 ogre zombies (D:10)
  6 gnolls
  20 adders
  3 shadow imps
  An adder skeleton (D:4)
  3 worms
  2 dart slugs (D:1)
  7 leopard geckos
  33 orcs
  4 giant cockroaches
  10 hobgoblins
  13 jackals
  6 quokkas
  3 ball pythons
  7 bats
  5 frilled lizards
  13 goblins
  2 goblin skeletons (D:10)
  A goblin zombie (D:10)
  3 hobgoblin zombies (D:10)
  A jackal skeleton (D:4)
  10 kobolds
  A leopard gecko skeleton (D:7)
  4 orc skeletons (D:10)
  14 orc zombies (D:10)
  A quokka zombie (D:7)
  13 rats
307 creatures vanquished.

Notes
Turn   | Place    | Note
-------+----------+-------------------------------------------
     0 | D:1      | protoss039 the Minotaur Fighter began the quest for the
                  | Orb.
     0 | D:1      | Reached XP level 1. HP: 19/19 MP: 0/0
   296 | D:1      | Reached XP level 2. HP: 27/27 MP: 1/1
   445 | D:1      | Reached skill level 3 in Axes
   488 | D:1      | Reached XP level 3. HP: 31/33 MP: 2/2
  1570 | D:2      | Reached XP level 4. HP: 38/40 MP: 3/3
  1731 | D:2      | Reached skill level 4 in Axes
  1793 | D:2      | Noticed a bullfrog
  1798 | D:2      | Killed a bullfrog
  1798 | D:2      | Reached XP level 5. HP: 46/46 MP: 4/4
  2810 | D:3      | Reached skill level 5 in Axes
  2888 | D:3      | Found a sparkling altar of Nemelex Xobeh.
  2888 | D:3      | Found a transporter.
  3038 | D:3      | Found a stormy altar of Qazlal.
  3038 | D:3      | Found a hazy altar of Hepliaklqana.
  3038 | D:3      | Found a shattered altar of Ashenzari.
  3038 | D:3      | Found a radiant altar of Vehumet.
  3057 | D:3      | Found a glowing golden altar of the Shining One.
  3057 | D:3      | Found a sparkling altar of Nemelex Xobeh.
  3264 | D:4      | Reached skill level 5 in Shields
  3264 | D:4      | Reached XP level 6. HP: 48/53 MP: 5/5
  3434 | D:4      | Found Ydiu's Distillery.
  3440 | D:4      | Reached skill level 6 in Axes
  3454 | D:4      | Reached skill level 5 in Armour
  3826 | D:4      | Reached XP level 7. HP: 57/60 MP: 6/6
  3939 | D:4      | Reached skill level 5 in Fighting
  3982 | D:4      | Got a slimy platinum amulet
  4038 | D:5      | Entered Level 5 of the Dungeon
  4041 | D:5      | Found an ancient bone altar of Kikubaaqudgha.
  4078 | D:5      | Reached skill level 7 in Axes
  4488 | D:5      | Found a staircase to the Ecumenical Temple.
  4502 | Temple   | Entered the Ecumenical Temple
  4706 | Temple   | Became a worshipper of Warmaster Okawaru
  5097 | D:5      | Reached * piety under Okawaru
  5097 | D:5      | Reached skill level 8 in Axes
  5097 | D:5      | Reached XP level 8. HP: 35/69 MP: 7/7
  5467 | D:5      | Found an ornate altar of the Wu Jian Council.
  5727 | D:5      | Found a blossoming altar of Fedhas.
  6161 | D:6      | Noticed Blork the orc
  6170 | D:6      | Killed Blork the orc
  6257 | D:6      | Reached skill level 9 in Axes
  6580 | D:6      | Got an opal-encrusted leather armour
  6597 | D:6      | Identified the +3 leather armour "Gusoch" {Int+6 Slay+3}
                  | (You found it on level 6 of the Dungeon)
  6608 | D:6      | Reached ** piety under Okawaru
  6924 | D:6      | Identified the amulet "Voocoikk" {Spirit rN+ MR- Str+3
                  | Slay+5} (You found it on level 4 of the Dungeon)
  6953 | D:7      | Found Jedavaf's Antique Armour Shop.
  6976 | D:7      | Bought a runed cloak for 180 gold pieces
  7042 | D:7      | Reached skill level 10 in Axes
  7042 | D:7      | Reached XP level 9. HP: 78/78 MP: 8/8
  7142 | D:7      | Reached *** piety under Okawaru
  7708 | D:8      | Reached skill level 1 in Invocations
  7725 | D:8      | Reached skill level 11 in Axes
  7964 | D:8      | Reached **** piety under Okawaru
  7999 | D:8      | Got a fine leather armour
  8010 | D:8      | Identified the +2 leather armour of Curiosity {rElec rC+
                  | Str+2 Dex+4} (You found it on level 8 of the Dungeon)
  8123 | D:8      | Got an ancient ring mail
  8134 | D:8      | Identified the cursed +1 ring mail of Hedonism {rPois
                  | Str+3} (You found it on level 8 of the Dungeon)
  8845 | D:9      | Noticed a death yak
  8846 | D:9      | Found a staircase to the Lair.
  8846 | D:9      | Noticed a death yak
  8847 | D:9      | Noticed a death yak
  8939 | D:9      | Reached XP level 10. HP: 88/88 MP: 11/11
  9185 | D:9      | Got a shimmering hand axe
  9186 | D:9      | Identified the +1 hand axe of a treasure trove {venom,
                  | Int+6} (You found it on level 9 of the Dungeon)
  9350 | D:9      | Killed a death yak
  9350 | D:9      | Reached ***** piety under Okawaru
  9350 | D:9      | Reached skill level 12 in Axes
  9759 | D:9      | Noticed a moth of wrath
  9761 | D:9      | Found a bloodstained altar of Trog.
  9816 | D:9      | Got a masterwork hunting sling
  9822 | D:9      | Identified the +8 hunting sling "Earthworm" {speed, rN++
                  | Int+3 Dex-4 Stlth-} (You found it on level 9 of the
                  | Dungeon)
  9900 | D:9      | Killed a death yak
  9900 | D:9      | Received a gift from Okawaru
  9904 | D:9      | Reached skill level 13 in Axes
  9907 | D:9      | Killed a death yak
 10205 | D:9      | Noticed a two-headed ogre
 10226 | D:9      | Killed a two-headed ogre
 10226 | D:9      | Reached ****** piety under Okawaru
 10226 | D:9      | Reached XP level 11. HP: 50/97 MP: 13/13
 10535 | D:10     | Entered Level 10 of the Dungeon
 10561 | D:10     | Received a gift from Okawaru
 10561 | D:10     | Reached skill level 5 in Invocations
 10846 | D:10     | Noticed Maurice
 10864 | D:10     | Paralysed by something for 3 turns
 10870 | D:10     | Killed Maurice
 11073 | D:10     | Found a runed translucent door.
 11183 | D:10     | Found a staircase to the Orcish Mines.
 11200 | D:10     | Reached skill level 14 in Axes
 11217 | D:10     | Reached skill level 10 in Fighting
 11597 | D:10     | Noticed a fire crab
 11608 | D:10     | Killed a fire crab
 11732 | D:10     | Noticed a fire crab
 11732 | D:10     | Noticed an entropy weaver
 11741 | D:10     | Killed a fire crab
 11749 | D:10     | Noticed a fire crab
 11756 | D:10     | HP: 5/150 [entropy weaver (6)]
 11756 | D:10     | Slain by an entropy weaver

Illustrated notes

Levels and vault maps discovered:
D:1:      lightli_arrival_flooded_house, layout_basic, amethyst_killhole
D:2:      layout_basic, first_ration, kennysheep_pointless_box,
          hangedman_decor_push, chequers_garden, minmay_tetromino_t2
D:3:      layout_rooms, minmay_overflow_temple_hex, grunt_nemelex_the_gamble
D:4:      layout_basic, serial_shops, shop
D:5:      layout_cave_pods, old_standard_altar, nicolae_overflow_crystal_walls,
          fedhas_altar_1, minmay_temple_entry_glass
D:6:      layout_loops_ring, uniq_blork_the_orc
D:7:      layout_basic, serial_shops, shop
D:8:      layout_cave_pods
D:9:      layout_irregular_city, tgw_trog, dpeg_lair_monsters
D:10:     gammafunk_mikee_crab_dinner, layout_loops_ring, zombieorc2_lemuel,
          uniq_maurice
Temple:   minmay_temple_forest_path

Skill      XL: |  1  2  3  4  5  6  7  8  9 10 11 |
---------------+----------------------------------+-----
Armour         | 4 5 6 7 |  7.7
Axes           | 3 4 5 6 8 10 11 13 14 | 14.2
Shields        | 4 5 6 7 8 9 |  9.6
Fighting       | 4 5 6 8 9 10 | 10.2
Invocations    | 2 4 5 |  5.8

Action                   |  1- 3 |  4- 6 |  7- 9 | 10-12 || total
-------------------------+-------+-------+-------+-------++-------
Melee: War axe           |   112 |   170 |   282 |    10 ||   574
       Headbutt          |    11 |    23 |    61 |    71 ||   166
       Hand axe          |       |       |       |   247 ||   247
Invok: Heroism           |       |       |     1 |     2 ||     3
       Finesse           |       |       |       |     2 ||     2
  Use: Scroll            |       |       |     9 |     4 ||    13
       Potion            |       |       |       |     4 ||     4
 Stab: Distracted        |       |       |       |     1 ||     1
  Eat: Chunk             |     2 |     8 |    16 |     9 ||    35
Armor: Scale mail        |    34 |       |       |       ||    34
       Chain mail        |    22 |   111 |    83 |       ||   216
       Leather armour    |       |       |    50 |    72 ||   122
       Skin              |       |       |       |    14 ||    14
Dodge: Dodged            |    30 |    42 |    66 |    51 ||   189
Block: Kite shield       |    62 |    79 |   125 |   119 ||   385
